 Dungeon Crawl Stone Soup version 0.31-a0-229-g1fc7ce93e2 (webtiles) character file.

Game seed: 3662323056600414665

189 qw the Shooter (level 5, -9/45 HPs)
             Began as a Minotaur Hexslinger on July 6, 2023.
             Mangled by a gnoll
             ... wielding a +0 halberd
              (12 damage)
             ... on level 3 of the Dungeon.
             The game lasted 00:00:53 (1788 turns).

qw the Shooter (Minotaur Hexslinger)                Turns: 1788, Time: 00:00:54

Health: -9/45      AC:  4    Str: 13    XL:     5   Next: 40%
Magic:  5/5        EV: 12    Int: 10    God:
Gold:   149        SH:  0    Dex: 14    Spells: 5/6 levels left

rFire   . . .        Y - +2 sling
rCold   + . .        (no shield)
rNeg    + . .        d - +1 leather armour of the Pink Corner {Fly rElec rC+}
rPois   .            (helmet restricted)
rElec   +            (no cloak)
rCorr   .            (no gloves)
SInv    .            (no boots)
Will    .....        (no amulet)
Stlth   +            g - ring of positive energy
HPRegen 0.27/turn    (no ring)
MPRegen 0.09/turn

%: no passive effects
@: flying
A: horns 2, retaliatory headbutt
a: no special abilities


You were on level 3 of the Dungeon.
You visited 1 branch of the dungeon, and saw 3 of its levels.

You collected 149 gold pieces.


Innate Abilities, Weirdness & Mutations

You have a pair of horns on your head.
You reflexively headbutt those who attack you in melee.


   Skills:
 - Level 3.1 Fighting
 + Level 5.6 Ranged Weapons
 - Level 2.1 Dodging
 - Level 1.0 Spellcasting
 - Level 2.0 Hexes


You had 5 spell levels left.
You knew the following spells:

 Your Spells              Type           Power      Damage    Failure   Level
a - Slow                  Hex            16%        N/A       19%         1

Your spell library contained the following spells:

 Spells                   Type           Power      Damage    Failure   Level
 Inner Flame              Hex/Fire       2%         N/A       65%         3
 Portal Projectile        Hex/Tloc       4%         N/A       65%         3
 Cause Fear               Hex            2%         N/A       88%         4

Inventory:

Hand Weapons
 Y - a +2 sling (weapon)
Armour
 d - the +1 leather armour of the Pink Corner (worn) {Fly rElec rC+}
   (You found it on level 2 of the Dungeon)

   rC:        It protects you from cold.
   rElec:     It insulates you from electricity.
   Fly:       It grants you flight.
Jewellery
 a - an amulet of faith
 g - a ring of positive energy (left hand)
Scrolls
 f - a scroll of fog {unknown}
Potions
 b - a potion of brilliance {unknown}
 c - a potion of berserk rage {unknown}
 e - a potion of curing
 h - a potion of enlightenment {unknown}

Dungeon Overview and Level Annotations

Branches:
Dungeon (3/15)

Altars:


Message History

You shoot a sling bullet.
The sling bullet hits the gnoll but does no damage.
The gnoll is moderately wounded.
You shoot a sling bullet. The sling bullet hits the gnoll.
The gnoll is moderately wounded.
You shoot a sling bullet.
The sling bullet barely misses the gnoll. x2
The sling bullet hits the gnoll.
The gnoll is moderately wounded.
You shoot a sling bullet.
The sling bullet barely misses the gnoll.
The sling bullet hits the gnoll but does no damage.
The gnoll hits you with a +0 club.
You shoot a sling bullet.
The sling bullet closely misses the gnoll.
The sling bullet barely misses the gnoll. x2
The gnoll hits you from afar with a +0 spear.
The gnoll hits you from afar with a +0 halberd!
The gnoll closely misses you.
The gnoll hits you from afar with a +0 spear.
The gnoll hits you with a +0 club.
You shoot a sling bullet. The sling bullet hits the gnoll.
The gnoll is severely wounded.
The gnoll barely misses you. The gnoll completely misses you.
The gnoll hits you from afar with a +0 halberd!
You shoot a sling bullet.
The sling bullet barely misses the gnoll.
The gnoll hits you with a +0 club. The gnoll barely misses you. x2
You shoot a sling bullet. The sling bullet hits the gnoll.
The gnoll is severely wounded.
The gnoll hits you from afar with a +0 spear!
The gnoll hits you with a +0 club. The gnoll closely misses you.
You shoot a sling bullet. The sling bullet hits the gnoll.
The gnoll is almost dead.
The gnoll completely misses you. You furiously retaliate!
You headbutt the gnoll.
You kill the gnoll!
The gnoll hits you from afar with a +0 spear!
The gnoll hits you from afar with a +0 halberd!
You die...

.# #. .# %# #.##### .#
.# ###.....###.. .#
#..........# .#
#..........## .#
#............ .#
#............ .#
...#########............
.#
..$.gg.@................
.#
...#.g.)..##............
.#
..........###########...
.. ..........# #.#. ..
.......^..# #.#.
..........# #.#.
..........# #...
..........# #### #
..#####..


You could see 3 gnolls.

Vanquished Creatures
  A scorpion (D:3)
  A hound (D:3)
  3 adders
  A gnoll (D:3)
  2 worms
  3 dart slugs
  7 endoplasms
  3 giant cockroaches
  10 goblins
  7 hobgoblins
  3 kobolds
  3 quokkas
  7 ball pythons
  5 bats
  2 frilled lizards
  4 rats
62 creatures vanquished.

Notes
Turn   | Place    | Note
-------+----------+-------------------------------------------
     0 | D:1      | qw the Minotaur Hexslinger began the quest for the Orb.
     0 | D:1      | Reached XP level 1. HP: 16/16 MP: 1/1
     0 | D:1      | 0 ||| qw: Version: 0.3-a-46-gb1f654a
     0 | D:1      | 0 ||| qw: Game counter: 1541
     0 | D:1      | 0 ||| qw: Melee chars always use a shield: true
     0 | D:1      | 0 ||| qw: God list: Okawaru
     0 | D:1      | 0 ||| qw: Allow faded altars: false
     0 | D:1      | 0 ||| qw: Do Orc after clearing Dungeon:15 true
     0 | D:1      | 0 ||| qw: Do second Lair branch before Depths: true
     0 | D:1      | 0 ||| qw: Lair rune preference: random
     0 | D:1      | 0 ||| qw: Goals: Normal
     0 | D:1      | 0 ||| PLANNING D:1-11
    65 | D:1      | Reached skill level 3 in Ranged Weapons
    65 | D:1      | Reached XP level 2. HP: 16/23 MP: 2/2
    65 | D:1      | 65 ||| FLEEEEING.
    66 | D:1      | 66 ||| FLEEEEING.
    67 | D:1      | 67 ||| FLEEEEING.
    68 | D:1      | 68 ||| FLEEEEING.
    69 | D:1      | 69 ||| FLEEEEING.
    70 | D:1      | 70 ||| FLEEEEING.
    71 | D:1      | 71 ||| FLEEEEING.
    77 | D:1      | 77 ||| FLEEEEING.
    78 | D:1      | 78 ||| FLEEEEING.
    79 | D:1      | 79 ||| FLEEEEING.
    80 | D:1      | 80 ||| FLEEEEING.
    81 | D:1      | 81 ||| FLEEEEING.
    82 | D:1      | 82 ||| FLEEEEING.
    83 | D:1      | 83 ||| FLEEEEING.
    84 | D:1      | 84 ||| FLEEEEING.
    85 | D:1      | 85 ||| FLEEEEING.
   438 | D:1      | Reached XP level 3. HP: 27/29 MP: 3/3
   637 | D:1      | 637 ||| UPGRADING to ring of positive energy.
   638 | D:1      | 638 ||| READING scroll labelled KIOM YNNYRR.
   639 | D:1      | 639 ||| READING scroll labelled ORGHYD XAVORELE.
   642 | D:1      | 642 ||| READING scroll labelled ACOANG BEWOK.
   643 | D:1      | 643 ||| READING scroll labelled ORCHUUKH BUROMINKAO.
   644 | D:1      | 644 ||| READING 3 scrolls labelled HOUVIENISM.
   645 | D:1      | 645 ||| DROPPING scroll of poison.
   646 | D:1      | 646 ||| DROPPING 2 scrolls of amnesia.
   684 | D:2      | Found a faded altar of an unknown god.
   730 | D:2      | Reached skill level 4 in Ranged Weapons
   731 | D:2      | Identified the +1 leather armour of the Pink Corner {Fly
                  | rElec rC+}
  1147 | D:2      | Reached XP level 4. HP: 36/36 MP: 4/4
  1288 | D:2      | 1288 ||| UPGRADING to +1 leather armour of the Pink Corner
                  | {Fly rElec rC+}.
  1298 | D:2      | 1298 ||| DROPPING +0 robe.
  1299 | D:2      | 1299 ||| READING scroll labelled GUWEUK METHUALI.
  1300 | D:2      | 1300 ||| READING scroll labelled SAMUJE UNEO.
  1301 | D:2      | 1301 ||| DRINKING 2 fuming puce potions.
  1326 | D:3      | 1326 ||| PLANNING SEWER
  1331 | D:3      | Noticed a +0 hand axe
  1448 | D:3      | Noticed a scorpion
  1457 | D:3      | HP: 7/36 [scorpion (7)]
  1459 | D:3      | Killed a scorpion
  1459 | D:3      | HP: 2/36 [poisoned by a scorpion]
  1460 | D:3      | Reached skill level 5 in Ranged Weapons
  1460 | D:3      | Reached XP level 5. HP: 3/41 MP: 5/5
  1460 | D:3      | 1460 ||| DRINKING potion of curing.
  1460 | D:3      | 1460 ||| (to cure poison)
  1753 | D:3      | Reached skill level 3 in Fighting
  1787 | D:3      | HP: 10/45 [gnoll/+0 club (2)]
  1788 | D:3      | HP: 3/45 [gnoll/+0 spear (7)]
  1788 | D:3      | Mangled by a gnoll

Levels and vault maps discovered:
D:1:      lemuel_arrival_hallway, layout_basic, minmay_small_reverse_x
D:2:      layout_basic, ebering_ecumenical_altar_webs,
          nicolae_elevator_lobby_asterisk
D:3:      layout_basic, dancing_weapons_uskayaw, portal_sewer_entry_b,
          kennysheep_generic_room_15

Skill      XL: |  1  2  3  4  5 |
---------------+----------------+-----
Ranged Weapons | 3 4 5 |  5.6
Fighting       | 2 3 |  3.1
Dodging        | |  2.1
Spellcasting   | |  1.0
Hexes          | |  2.0

Action                     |  1- 3 |  4- 6 || total
---------------------------+-------+-------++-------
   Fire: Sling             |   131 |    62 ||   193
    Use: Scroll            |     5 |     2 ||     7
         Potion            |       |     2 ||     2
 Armour: Robe              |     4 |       ||     4
         Leather armour    |       |     6 ||     6
  Dodge: Dodged            |    20 |    34 ||    54

Table legend:
 A = Non-vault XP
 B = Vault XP
 C = Vault XP percentage of total XP
 D = Non-vault monster count
 E = Vault monster count
 F = Vault count percentage of total count
                 A         B        C        D         E       F
            +---------+---------+-------+---------+---------+-------
      Total |     196 |      88 |  31.0 |      56 |       6 |   9.7
            +---------+---------+-------+---------+---------+-------
        D:1 |      48 |       6 |  11.1 |      27 |       4 |  12.9
        D:2 |      48 |       0 |   0.0 |      16 |       0 |   0.0
        D:3 |     100 |      82 |  45.1 |      13 |       2 |  13.3
            +---------+---------+-------+---------+---------+-------
